 Dungeon Crawl Stone Soup version 0.17.1-3-g152610e (webtiles) character file.

1789 ololoev the Cleaver (level 9, -1/105 HPs)
             Began as a Hill Orc Fighter on Mar 18, 2016.
             Was a Believer of Trog.
             Slain by emiel's ghost (20 damage)
             ... on level 8 of the Dungeon.
             The game lasted 00:11:02 (1410 turns).

ololoev the Cleaver (Hill Orc Fighter)              Turns: 1410, Time: 00:11:02

Health: -1/105     AC: 16    Str: 27    XL:     9   Next: 8%
Magic:  9/9        EV:  7    Int:  8    God:    Trog [**....]
Gold:   126        SH:  0    Dex: 10    Spells: 0 memorised, 8 levels left

rFire  . . .     SeeInvis .     a - +0 war axe
rCold  . . .     Clarity  .     u - +0 plate armour
rNeg   . . .     SustAt   .     (no shield)
rPois  .         Gourm    .     g - +0 helmet
rElec  .         Spirit   .     t - +0 cloak (curse)
rCorr  .         Warding  .     (no gloves)
rMut   .         Stasis   .     (no boots)
MR     .....                    c - amulet of faith
Stlth  ..........               (no ring)
                                (no ring)

@: berserking, very quick, not resistant to hostile enchantments, extremely
unstealthy
A: no striking features
a: Berserk, Trog's Hand, Burn Spellbooks, Renounce Religion

Inventory:

Hand Weapons
 a - a +0 war axe (weapon)
Armour
 g - a +0 helmet (worn)
 t - a cursed +0 cloak (worn)
 u - a +0 plate armour (worn)
Jewellery
 c - an amulet of faith (around neck)
 r - an uncursed ring of ice
Scrolls
 h - 3 scrolls of amnesia {unknown}
 i - a scroll of teleportation {unknown}
 j - 6 scrolls of identify {unknown}
 k - a scroll of enchant weapon {unknown}
 l - a scroll of magic mapping {unknown}
 p - a scroll of random uselessness {unknown}
Potions
 b - a potion of curing
 f - a potion of haste {unknown}
 s - a potion of invisibility {unknown}
Comestibles
 d - a slice of pizza
 e - 2 bread rations
 m - 2 meat rations
 o - 5 fruits
 q - 3 chunks of flesh


   Skills:
 - Level 3.6 Fighting
 * Level 12.1 Axes
 + Level 7.9 Armour
   Level 3.2 Shields


You had 8 spell levels left.
You didn't know any spells.


You were on level 8 of the Dungeon.
You worshipped Trog.
Trog was pleased with you.
You were hungry.

You visited 2 branches of the dungeon, and saw 9 of its levels.

You collected 126 gold pieces.

... .....
#.....##########.
..................
#.................$
#..................
#..................
#..........@W......
#..................
#..................
#..................
#....).............
####......[...........
#.....................
#(#...................
#..................

Notes
Turn   | Place    | Note
--------------------------------------------------------------
     0 | D:1      | ololoev the Hill Orc Fighter began the quest for the Orb.
     0 | D:1      | Reached XP level 1. HP: 19/19 MP: 1/1
    42 | D:3      | Found a bloodstained altar of Trog.
    47 | D:3      | Became a worshipper of Trog the Wrathful
   136 | D:3      | Noticed eeldvark's ghost (amateur DsWn)
   145 | D:3      | Killed eeldvark's ghost
   145 | D:3      | Reached skill level 5 in Axes
   145 | D:3      | Reached XP level 2. HP: 12/26 MP: 2/2
   145 | D:3      | Reached XP level 3. HP: 14/31 MP: 3/3
   145 | D:3      | Reached XP level 4. HP: 17/39 MP: 4/4
   145 | D:3      | Reached XP level 5. HP: 19/45 MP: 5/5
   192 | D:3      | Reached skill level 6 in Axes
   198 | D:4      | Noticed Robin
   212 | D:3      | Killed Robin
   225 | D:4      | Reached * piety under Trog
   283 | D:4      | Reached XP level 6. HP: 12/51 MP: 6/6
   285 | D:4      | Found a snail-covered altar of Cheibriados.
   285 | D:4      | Found a stormy altar of Qazlal.
   343 | D:4      | Reached skill level 7 in Axes
   410 | D:5      | Entered Level 5 of the Dungeon
   434 | D:5      | Reached skill level 5 in Armour
   523 | D:5      | Noticed Dowan
   525 | D:5      | Noticed Duvessa
   532 | D:5      | Killed Duvessa
   532 | D:5      | Reached skill level 8 in Axes
   532 | D:5      | Reached XP level 7. HP: 57/57 MP: 7/7
   536 | D:5      | Killed Dowan
   569 | D:5      | Found a burning altar of Makhleb.
   596 | D:5      | Reached skill level 9 in Axes
   719 | D:6      | Noticed Eustachio
   731 | D:6      | Killed Eustachio
   731 | D:6      | Reached ** piety under Trog
   731 | D:6      | Reached XP level 8. HP: 64/64 MP: 8/8
   831 | D:6      | Reached skill level 10 in Axes
  1029 | D:7      | Noticed a centaur skeleton
  1045 | D:7      | Killed a centaur skeleton
  1045 | D:7      | Reached skill level 11 in Axes
  1169 | D:7      | Reached XP level 9. HP: 26/70 MP: 9/9
  1175 | D:7      | HP: 2/105 [orc warrior/flail (12)]
  1185 | D:7      | Reached skill level 12 in Axes
  1217 | D:7      | Found a staircase to the Ecumenical Temple.
  1225 | Temple   | Entered the Ecumenical Temple
  1394 | D:8      | Noticed emiel's ghost (novice HOBe)
  1410 | D:8      | Slain by emiel's ghost

Dungeon Overview and Level Annotations

Branches:
Dungeon (8/15)             Temple (1/1) D:7
   Lair: D:8-11

Altars:
Ashenzari
Cheibriados
Elyvilon
Fedhas
Makhleb
Okawaru
Qazlal
Sif Muna
Trog
Xom
Yredelemnul
Zin

Annotations:
D:8 emiel's ghost, novice HOBe


Message History

Things that are here:
a ring mail; a falchion of slicing; a jackal skeleton Emiel's ghost (novice Hill Orc Berserker) comes into view.
Found 9 gold pieces.
Use which ability? (? or * to list)
A red film seems to cover your vision as you go berserk!
You feel yourself moving faster!
You feel mighty!
You are feeling hungry.
You closely miss emiel's ghost. Emiel's ghost hits you.
You closely miss emiel's ghost. You barely miss emiel's ghost.
Emiel's ghost hits you but does no damage.
You closely miss emiel's ghost. You slice emiel's ghost!!
Emiel's ghost is moderately damaged.
Emiel's ghost hits you!
You slash emiel's ghost!
Emiel's ghost is heavily damaged.
Emiel's ghost hits you but does no damage.
You hit emiel's ghost.
Emiel's ghost is severely damaged.
You slash emiel's ghost!
Emiel's ghost is severely damaged.
Emiel's ghost hits you!!
You hit emiel's ghost.
Emiel's ghost is almost destroyed.
Emiel's ghost hits you!
You completely miss emiel's ghost.
Emiel's ghost is almost destroyed.
You hit emiel's ghost but do no damage.
Emiel's ghost is almost destroyed.
Emiel's ghost yells, "Who would have thought, even in death it is a pleasure to sever!"
Emiel's ghost hits you!
You slash emiel's ghost!
Emiel's ghost is almost destroyed.
You completely miss emiel's ghost.
Emiel's ghost is almost destroyed.
Emiel's ghost says, "I'll split you in two!"
Emiel's ghost hits you!!
You die...

You could see emiel's ghost.

Vanquished Creatures
  Eustachio (D:6)
  The ghost of eeldvark the Chopper, an amateur DsWn of Okawaru (D:3)
  2 orc warriors
  Duvessa (D:5)
  3 giant frogs (D:6)
  Dowan (D:5)
  A gnoll sergeant (D:6)
  2 crimson imps
  2 hounds
  A jelly (D:7)
  3 centaur skeletons (D:7)
  A giant frog skeleton (D:4)
  A giant frog zombie (D:7)
  An orc priest (D:5)
  3 orc wizards
  An iguana (D:8)
  3 worker ants
  A worker ant zombie (D:5)
  Robin (D:3)
  4 gnolls (D:6)
  2 shadow imps
  4 adders
  2 worms
  2 giant geckos
  9 orcs
  A giant cockroach (D:3)
  10 goblins
  3 hobgoblins
  7 jackals
  A giant gecko skeleton (D:6)
  2 giant newts
  A quokka skeleton (D:4)
  2 rats
80 creatures vanquished.

Action                   |  1- 3 |  4- 6 |  7- 9 || total
-------------------------+-------+-------+-------++-------
Melee: War axe           |    20 |    74 |   190 ||   284
Invok: Berserk           |       |     2 |     6 ||     8
       Trog's Hand       |       |       |     1 ||     1
  Use: Potion            |     3 |       |     4 ||     7
  Eat: Chunk             |       |     6 |     4 ||    10

Vault maps used:
D:1:      mainiacjoe_arrival_reflecting_pool, hex_large, roderic_lattice_a,
          tso_altar
D:2:      lemuel_old_faithful
D:3:      lemuel_crystal_altar
D:4:      grunt_temple_overflow_open, uniq_crazy_yiuf_cottage, uniq_menkaure,
          uniq_robin
D:5:      lemuel_doored_altar, old_standard_altar, kennysheep_mini, first_bread,
          item_on_display_b, uniq_duvessa
D:6:      uniq_grinder, uniq_eustachio, uniq_prince_ribbit1
D:7:      lemuel_mausoleum_altar_kikubaaqudgha, nicolae_ru_sacrificial_ziggurat,
          grunt_temple_overflow_opulence, minmay_temple_entry_crystal_x
D:8:      nicolae_overflow_hidden_temple
Temple:   minmay_temple_curvy_8
